AoeStats
← 看我如何吊爆你

Arabia

503608892Analyzed
3v3 RM · 1mo ago on Sep 1, 2026· 34m 20s· 6 players
Game mode
Random Map
Map size
Normal (6 player)
Population
200
Speed
Normal
Resources
Standard
Victory
Conquest
Starting age
Dark Age
Ending age
Imperial Age
RankedLock teamsTeams togetherTeam positionsShared explorationLock speedFull tech treeHidden civsTurbo modeCheats
Victory
Defeat
🇨🇳 Khmer · China
1146
+13
🇧🇷 Huns · Brazil
1026
+18
🇹🇷 Poles · Türkiye
989
+20
🇫🇷 Goths · France
1178
-22
🇫🇷 Maya · France
1062
-16
🇨🇳 Franks · China
991
-13
skoddex
9:04 Loom
10:59 Feudal Age
17:56 Castle Age
27:25 Pikeman
29:45 Scale Mail Armor
31:07 Squires
22155426
0:38 Loom
14:38 Feudal Age
15:56 Town Watch
19:08 Wheelbarrow
19:18 Fletching
24:57 Castle Age
23:46 Scale Barding Armor
26:17 Forging
26:01 Double-Bit Axe
27:26 Bow Saw
32:03 Bodkin Arrow
33:42 Pikeman
Melon-Lord
0:26 Loom
10:51 Feudal Age
11:22 Double-Bit Axe
13:08 Horse Collar
19:49 Fletching
19:59 Padded Archer Armor
20:02 Gold Mining
26:22 Castle Age
27:23 Crossbowman
28:09 Thumb Ring
28:11 Heavy Plow
28:22 Bow Saw
28:34 Bodkin Arrow
28:54 Leather Archer Armor
30:24 Leather Archer Armor
31:32 Ballistics
32:25 Wheelbarrow
33:17 Town Watch
w71km26es1
5:35 Loom
12:05 Feudal Age
12:10 Man-at-Arms
12:45 Double-Bit Axe
13:48 Arson
14:10 Horse Collar
21:08 Castle Age
19:24 Gold Mining
20:11 Bloodlines
20:13 Forging
21:56 Scale Barding Armor
21:24 Light Cavalry
22:08 Heavy Plow
22:33 Bow Saw
22:06 Long Swordsman
23:19 Husbandry
23:26 Stone Mining
25:35 Iron Casting
26:58 Wheelbarrow
27:04 Stone Shaft Mining
27:00 Scale Mail Armor
26:55 Pikeman
28:29 Chain Mail Armor
29:03 Hand Cart
28:34 Town Watch
36:21 Imperial Age
34:41 Chain Barding Armor
看我如何吊爆你
7:12 Loom
9:51 Feudal Age
10:52 Double-Bit Axe
11:36 Horse Collar
17:22 Scale Barding Armor
19:26 Bloodlines
20:52 Wheelbarrow
20:47 Forging
24:22 Castle Age
23:55 Gold Mining
25:15 Bow Saw
25:07 Heavy Plow
25:29 Husbandry
26:22 Chain Barding Armor
27:02 Iron Casting
27:06 Hand Cart
29:50 Gold Shaft Mining
33:09 Town Watch
葬爱家族、KK
7:29 Loom
9:37 Feudal Age
12:17 Fletching
14:31 Double-Bit Axe
16:26 Padded Archer Armor
16:28 Horse Collar
17:06 Town Watch
20:35 Wheelbarrow
23:28 Castle Age
22:10 Bloodlines
24:08 Bodkin Arrow
26:29 Bow Saw
27:38 Thumb Ring
27:45 Gold Mining
30:08 Ballistics
30:33 Leather Archer Armor
33:24 Gold Shaft Mining
33:08 Hand Cart
34:56 Heavy Plow
Connection lost

Rejoining the realm…

Still unreachable

The connection could not be restored.

Session expired

The server has moved on; the page needs a fresh start.